 Dungeon Crawl Stone Soup version 0.24.0-1-gfbc8707 (webtiles) character file.

Game seed: 14669505252651733589, levelgen mode: deterministic

2129 Buxparty the Chopper (level 9, -3/69 HPs)
             Began as a Mummy Fighter on Jan 7, 2020.
             Slain by Harold
             ... wielding a +2 halberd of protection
              (15 damage)
             ... on level 7 of the Dungeon.
             The game lasted 00:21:41 (6769 turns).

Buxparty the Chopper (Mummy Fighter)                Turns: 6769, Time: 00:21:43

Health: -3/69      AC: 12    Str: 22    XL:     9   Next: 8%
Magic:  9/9        EV:  6    Int:  7    God:
Gold:   283        SH: 10    Dex: 12    Spells: 8/8 levels left

rFire    . . .     SeeInvis .   a - +0 war axe
rCold    + + +     Gourm    .   c - +0 shield
rNeg     + + +     Faith    .   p - +0 chain mail
rPois    ∞         Spirit   .   (no helmet)
rElec    .         Reflect  .   u - scarf {rC+ rF+}
rCorr    .         Harm     .   s - +1 pair of gloves
MR       +....                  (no boots)
Stlth    ..........             k - amulet of regeneration
HPRegen  0.61/turn              h - ring of protection from cold
MPRegen  0.11/turn              (no ring)

@: marked
A: no food or potions, fire vulnerability, cold resistance 1, negative energy
resistance 3, torment resistance, unbreathing
a: no special abilities


You were on level 7 of the Dungeon.
You were not hungry.

You visited 2 branches of the dungeon, and saw 8 of its levels.
You also visited: Sewer.

You collected 283 gold pieces.

Inventory:

Hand Weapons
 a - a +0 war axe (weapon)
Missiles
 q - 20 poisoned darts (quivered)
Armour
 b - a +0 scale mail
 c - a +0 shield (worn)
 j - a +0 cloak
 p - a +0 chain mail (worn)
 s - a +1 pair of gloves (worn)
 u - a scarf of resistance (worn)
Jewellery
 h - a ring of protection from cold (left hand)
 k - an amulet of regeneration (around neck)
 l - an uncursed ring of fire
Wands
 f - a wand of random effects (16)
 v - a wand of disintegration (8)
Scrolls
 d - 11 scrolls of identify {unknown}
 e - 3 scrolls of teleportation {unknown}
 g - 2 scrolls of magic mapping {unknown}
 i - 2 scrolls of blinking {unknown}
 m - a scroll of immolation {unknown}
 n - a scroll of fear
 o - a scroll of remove curse {unknown}
 r - a scroll of amnesia {unknown}
 t - a scroll of fog {unknown}


   Skills:
 + Level 6.1 Fighting
 * Level 6.5 Axes
 + Level 5.0 Armour
 + Level 5.1 Shields


You had 8 spell levels left.
You didn't know any spells.
Your spell library was empty.

Dungeon Overview and Level Annotations

Branches:
Dungeon (7/15)             Temple (1/1) D:6           Sewer (visited)

Altars:
Ashenzari
Cheibriados
Dithmenos
Elyvilon
Fedhas
Hepliaklqana
Kikubaaqudgha
Nemelex Xobeh
Okawaru
Qazlal
Ru
Sif Muna
Trog
Uskayaw
Vehumet
Wu Jian
Xom
Yredelemnul
Zin
The Shining One

Annotations:
D:7 Harold


Innate Abilities, Weirdness & Mutations

You do not eat or drink.
Your flesh is vulnerable to fire.
You are immune to poison.
Your flesh is cold resistant. (rC+)
You are immune to negative energy. (rN+++)
You are immune to unholy pain and torment.
You can survive without breathing.


Message History

Harold is severely wounded.
Harold points at you and mumbles some strange words.
The mark upon you grows brighter.
You hit Harold.
Harold is almost dead.
You block Harold's attack.
Your shield and chain mail prevent you from hitting Harold.
Harold is almost dead.
Harold gestures at you while chanting. The mark upon you grows brighter.
Your shield prevents you from hitting Harold.
Harold is almost dead.
You block Harold's attack.
You hit Harold but do no damage.
Harold is severely wounded.
Your shield and chain mail prevent you from hitting the killer bee.
The killer bee stings you but does no damage.
The killer bee barely misses you.
Harold hits you with a +2 halberd of protection!
You die...

... ###.........##
#........## ### ##..(....#
#.## .....###..# ##..######
....##.#..####....#...#
...........##)....<...#
#............<....#..##
##........y...##......#
##......yy@@###..#..###
###...y#.)..###.#....#
###.###.#..##.....##
.##...##.#.....#..##
#.##.(......<.(###.#...#
##...........(...(......#
.................#...#..#
.......(.......###.###..###
.........##.....##........#


You could see Harold and 4 killer bees.

Vanquished Creatures
  2 hogs (D:6)
  A yak (D:6)
  A human (D:7)
  An ice beast (D:6)
  A phantom (D:6)
  2 ogres (D:7)
  A bullfrog (D:6)
  2 scorpions
  A killer bee (D:6)
  A howler monkey (D:4)
  A centaur zombie (D:5)
  4 orc priests
  4 hounds
  Natasha (twice) (D:3)
  2 iguanas
  4 orc wizards
  A worker ant (D:4)
  2 hound zombies
  2 hound skeletons (D:5)
  12 gnolls
  8 adders
  3 river rats
  A shadow imp (D:6)
  4 oozes
  3 worms (D:2)
  3 dart slugs
  3 leopard geckos
  23 orcs
  9 giant cockroaches
  12 goblins
  14 hobgoblins
  9 jackals
  11 kobolds
  A quokka (D:4)
  7 ball pythons
  A ball python zombie (D:6)
  10 bats
  19 frilled lizards
  A quokka zombie (D:7)
  11 rats
200 creatures vanquished.

Notes
Turn   | Place    | Note
-------+----------+-------------------------------------------
     0 | D:1      | Buxparty the Mummy Fighter began the quest for the Orb.
     0 | D:1      | Reached XP level 1. HP: 18/18 MP: 1/1
    44 | D:1      | Reached XP level 2. HP: 24/24 MP: 2/2
   168 | D:1      | Reached XP level 3. HP: 27/29 MP: 3/3
  1302 | D:2      | Reached XP level 4. HP: 35/35 MP: 4/4
  1578 | D:3      | Noticed Natasha
  2421 | D:3      | Found a shimmering altar of Xom.
  2422 | D:3      | Found a radiant altar of Vehumet.
  2520 | D:3      | Killed Natasha
  2533 | D:3      | Noticed Natasha
  2538 | D:3      | Killed Natasha
  2538 | D:3      | Reached XP level 5. HP: 42/42 MP: 5/5
  2852 | D:3      | Found a glowing golden altar of the Shining One.
  2966 | D:4      | Reached XP level 6. HP: 48/48 MP: 6/6
  2967 | D:4      | Found an iron altar of Okawaru.
  3246 | D:4      | HP: 2/48 [gnoll/+0 halberd (9)]
  3729 | D:4      | Found a shadowy altar of Dithmenos.
  3884 | D:4      | Reached XP level 7. HP: 55/55 MP: 7/7
  4059 | D:5      | Entered Level 5 of the Dungeon
  4462 | D:5      | Found an iron altar of Okawaru.
  4832 | D:5      | Found a faded altar of an unknown god.
  4832 | D:5      | Found a hide-covered altar of Uskayaw.
  4841 | D:5      | Found a faded altar of an unknown god.
  4843 | D:5      | Found a bloodstained altar of Trog.
  4844 | D:5      | Found a hazy altar of Hepliaklqana.
  4885 | D:5      | Found a blossoming altar of Fedhas.
  4885 | D:5      | Found an ancient bone altar of Kikubaaqudgha.
  4986 | D:6      | Found a staircase to the Ecumenical Temple.
  4996 | Temple   | Entered the Ecumenical Temple
  5159 | D:6      | Reached skill level 5 in Fighting
  5248 | D:6      | Reached skill level 5 in Axes
  5248 | D:6      | Reached XP level 8. HP: 57/62 MP: 8/8
  5310 | D:6      | Found a glowing drain.
  5319 | Sewer    | Entered a sewer
  6253 | D:7      | Noticed Harold
  6345 | D:6      | Reached skill level 5 in Shields
  6361 | D:6      | Reached skill level 5 in Armour
  6361 | D:6      | Reached XP level 9. HP: 21/69 MP: 9/9
  6769 | D:7      | Slain by Harold

Levels and vault maps discovered:
D:1:      elethiomel_arrival_shortcut, layout_rooms, glass_columns_a
D:2:      layout_basic, feat_on_display
D:3:      layout_rooms, tso_oasis_becter, gammafunk_temple_overflow_statue,
          uniq_natasha
D:4:      layout_basic, grunt_dithmenos_smoke, nicolae_overflow_crystal_walls,
          first_ration
D:5:      corexii_shantytown, layout_rooms,
          grunt_temple_overflow_growth_and_decay,
          chequers_temple_overflow_minitemple, okawaru_metal_pillars_1_2
D:6:      layout_basic, minmay_temple_entry_mini_moons, portal_sewer_entry_e
D:7:      layout_cave_pools, enter_bailey_2, basic_altar,
          hangedman_decor_peaks_small, grunt_decor_cap, grunt_livestock,
          minmay_manual_mail, uniq_harold
Temple:   compressed_dpeg_circular_temple

Skill      XL: |  1  2  3  4  5  6  7  8 |
---------------+-------------------------+-----
Axes           | 2 3 4 5 6 |  6.5
Shields        | 3 4 5 |  5.1
Armour         | 3 4 5 |  5.0
Fighting       | 4 5 6 |  6.1

Action                   |  1- 3 |  4- 6 |  7- 9 || total
-------------------------+-------+-------+-------++-------
Melee: War axe           |   130 |   200 |   489 ||   819
Throw: Dart              |       |       |     9 ||     9
Evoke: Wand              |       |       |     7 ||     7
  Use: Scroll            |       |       |     3 ||     3
Armor: Scale mail        |    72 |   130 |    48 ||   250
       Chain mail        |       |       |   245 ||   245
Dodge: Dodged            |    55 |    88 |   129 ||   272
Block: Shield            |    63 |   144 |   268 ||   475
